 Dungeon Crawl Stone Soup version 0.24-a0-653-g3936067ed8 (webtiles) character file.

Game seed: 2192950778483912305, levelgen mode: deterministic

357 Kae the Insei (level 6, -7/47 HPs)
             Began as a Demonspawn Monk on Sept 27, 2019.
             Was a Priest of Makhleb.
             Mangled by an ogre
             ... wielding a +0 giant spiked club
              (28 damage)
             ... on level 4 of the Dungeon.
             The game lasted 00:04:20 (4274 turns).

Kae the Insei (Demonspawn Monk)                     Turns: 4274, Time: 00:04:21

Health: -7/47      AC:  4    Str: 12    XL:     6   Next: 36%
Magic:  8/8        EV: 13    Int: 11    God:    Makhleb [***...]
Gold:   163        SH:  0    Dex: 17    Spells: 5/5 levels left

rFire    . . .     SeeInvis .     - Unarmed
rCold    . . .     Gourm    .   (no shield)
rNeg     . . .     Faith    .   a - +0 robe
rPois    .         Spirit   .   (no helmet)
rElec    .         Reflect  .   (no cloak)
rCorr    .         Harm     .   (no gloves)
MR       .....                  (no boots)
Stlth    ++........             (no amulet)
HPRegen  0.15/turn              (no ring)
MPRegen  0.11/turn              (no ring)

@: no status effects
A: claws 1, molten scales 1, demonic guardian 1, rot immunity
a: Minor Destruction, Lesser Servant of Makhleb, Renounce Religion


You were on level 4 of the Dungeon.
You worshipped Makhleb.
Makhleb was most pleased with you.
You were not hungry.

You visited 1 branch of the dungeon, and saw 4 of its levels.

You collected 163 gold pieces.

Inventory:

Armour
 a - a +0 robe (worn)
Jewellery
 e - an uncursed ring of wizardry {unknown}
 g - a +3 amulet of reflection
Scrolls
 d - a scroll of teleportation
 h - a scroll of amnesia
Potions
 i - 2 potions of ambrosia
 j - a potion of magic {unknown}
 l - a potion of flight {unknown}
 m - a potion of brilliance {unknown}
Comestibles
 b - 5 rations
 n - a chunk of flesh


   Skills:
 - Level 3.0 Fighting
 - Level 2.6 Dodging
 - Level 1.7 Stealth
 * Level 6.1 Unarmed Combat
 + Level 3.2 Invocations


You had 5 spell levels left.
You didn't know any spells.
Your spell library was empty.

Dungeon Overview and Level Annotations

Branches:
Dungeon (4/15)
 Temple: D:4-7

Altars:
Ashenzari
Makhleb
Ru
Uskayaw
Yredelemnul


Innate Abilities, Weirdness & Mutations

You have sharp fingernails.
You are partially covered in molten scales. (AC +2)
A weak demonic guardian rushes to your aid.
You are immune to rotting.


Message History

The jackal barely misses you.
Your shadow imp hits the jackal.
The orc priest hits your shadow imp but does no damage.
The jackal bites you but does no damage.
The jackal closely misses you. The jackal closely misses you.
The orc priest calls down the wrath of Beogh upon you.
Beogh smites you!
Your shadow imp disappears in a puff of smoke!
The jackal completely misses you. The jackal barely misses you.
There is a stone staircase leading up here.
You miss the jackal.
The jackal is almost dead.
The jackal bites you.
The jackal bites you but does no damage.
The jackal bites you.
The ogre hits you with a +0 giant spiked club!!
Ouch! That really hurt!
You die...

###########
#.........#
#.(.<.....#
#.........#
#.........#
#.........#
#..รท.@....#
#....hO...# ##
#.........# .
#.........###.
#.....5...##..
#######.#.##.#
#o..##.#
##...#.#
####..#.###


You could see an ogre, an orc priest, a jackal and a friendly iron imp.

Vanquished Creatures
  A howler monkey (D:4)
  An orc priest (D:3)
  2 worker ants (D:4)
  7 adders
  4 worms (D:2)
  3 dart slugs
  7 leopard geckos
  3 orcs (D:3)
  A ball python (D:2)
  12 bats
  6 giant cockroaches
  7 goblins
  8 hobgoblins
  2 jackals (D:2)
  7 kobolds
  A quokka (D:2)
  A frilled lizard (D:2)
  10 rats
83 creatures vanquished.

Vanquished Creatures (collateral kills)
  An ogre (D:2)
  An iguana (D:4)
  An orc wizard (D:3)
  A worm (D:2)
  2 orcs (D:3)
  2 jackals (D:4)
8 creatures vanquished.

Grand Total: 91 creatures vanquished

Notes
Turn   | Place    | Note
-------+----------+-------------------------------------------
     0 | D:1      | Kae the Demonspawn Monk began the quest for the Orb.
     0 | D:1      | Reached XP level 1. HP: 18/18 MP: 1/1
    21 | D:1      | Reached skill level 3 in Unarmed Combat
   239 | D:1      | Gained mutation: A weak demonic guardian rushes to your
                  | aid. [demonic ancestry]
   239 | D:1      | Reached XP level 2. HP: 23/24 MP: 2/2
   908 | D:1      | Reached XP level 3. HP: 28/29 MP: 3/3
  1672 | D:2      | Reached skill level 4 in Unarmed Combat
  1991 | D:2      | HP: 1/29 [worm (6)]
  2301 | D:2      | Noticed an ogre
  2315 | D:2      | Killed an ogre
  2315 | D:2      | Gained mutation: You have sharp fingernails. [demonic
                  | ancestry]
  2315 | D:2      | Reached XP level 4. HP: 16/35 MP: 4/4
  2524 | D:2      | Found a burning altar of Makhleb.
  2542 | D:2      | Became a worshipper of Makhleb the Destroyer
  2542 | D:2      | Reached * piety under Makhleb
  2542 | D:2      | Reached ** piety under Makhleb
  2728 | D:2      | Reached skill level 5 in Unarmed Combat
  2806 | D:2      | Reached skill level 1 in Invocations
  2924 | D:2      | Gained mutation: You are partially covered in molten
                  | scales. (AC +2) [demonic ancestry]
  2924 | D:2      | Reached XP level 5. HP: 36/41 MP: 5/5
  3072 | D:2      | Found a hide-covered altar of Uskayaw.
  3752 | D:3      | Reached *** piety under Makhleb
  3862 | D:3      | Found a sacrificial altar of Ru.
  3862 | D:3      | Found a basalt altar of Yredelemnul.
  3863 | D:3      | Found a shattered altar of Ashenzari.
  4072 | D:4      | Gained mutation: You are immune to rotting. [demonic
                  | ancestry]
  4072 | D:4      | Reached XP level 6. HP: 40/47 MP: 6/8
  4251 | D:4      | Reached skill level 6 in Unarmed Combat
  4274 | D:4      | Mangled by an ogre

Levels and vault maps discovered:
D:1:      dpeg_arrival_short_road, layout_basic, minmay_tall_x
D:2:      layout_loops_ring, lemuel_coloured_pillars_altar,
          minmay_misc_feat_five, bloody_makhleb
D:3:      layout_basic, gammafunk_temple_overflow_claw, first_ration,
          kennysheep_generic_room_6
D:4:      layout_rooms, tso_metal_star, ebering_ghost_rock_garden,
          minmay_misc_feat_rows

Skill      XL: |  1  2  3  4  5  6 |
---------------+-------------------+-----
Unarmed Combat | 3 4 5 6 |  6.1
Invocations    | 1 2 3 |  3.2
Fighting       | |  3.0
Dodging        | |  2.6
Stealth        | |  1.7

Action                   |  1- 3 |  4- 6 || total
-------------------------+-------+-------++-------
Melee: Unarmed           |   134 |   194 ||   328
       Punch             |     4 |     4 ||     8
  Use: Scroll            |     4 |     5 ||     9
 Stab: Sleeping          |       |     3 ||     3
       Distracted        |       |     2 ||     2
  Eat: Ration            |     1 |       ||     1
       Chunk             |       |     7 ||     7
Armor: Robe              |    39 |    40 ||    79
Dodge: Dodged            |    98 |   161 ||   259

Table legend:
 A = Non-vault XP
 B = Vault XP
 C = Vault XP percentage of total XP
 D = Non-vault monster count
 E = Vault monster count
 F = Vault count percentage of total count
                 A         B        C        D         E       F
            +---------+---------+-------+---------+---------+-------
      Total |     473 |      37 |   7.3 |      85 |       6 |   6.6
            +---------+---------+-------+---------+---------+-------
        D:1 |      38 |       8 |  17.4 |      20 |       4 |  16.7
        D:2 |     180 |       0 |   0.0 |      33 |       0 |   0.0
        D:3 |      94 |      29 |  23.6 |      23 |       2 |   8.0
        D:4 |     161 |       0 |   0.0 |       9 |       0 |   0.0
            +---------+---------+-------+---------+---------+-------
